 Dungeon Sprint DCSS version 0.28-a0-1190-g77e1c55843 (webtiles) character file.

Game seed: 17694716630708471455

5708 mhtbhm the Fencer (level 10, -17/105 HPs)
             Began as a Minotaur Berserker on Dec 18, 2021.
             Was a High Priest of Trog.
             Demolished by a spriggan berserker (29 damage)
             ... in the Dungeon (Sprint IV: "Fedhas' Mad Dash").
             The game lasted 00:03:27 (2052 turns).

mhtbhm the Fencer (Minotaur Berserker)              Turns: 2052, Time: 00:03:28

Health: -17/105    AC:  6    Str: 25    XL:     10   Next: 48%
Magic:  9/9        EV: 14    Int:  4    God:    Trog [*****.]
Gold:   189        SH:  0    Dex: 11    Spells: 9/9 levels left

rFire   . . .      SeeInvis .   a - +3 scimitar
rCold   . . .      Faith    .   (no shield)
rNeg    . . .      Spirit   .   b - +0 ring mail
rPois   .          Reflect  .   (helmet restricted)
rElec   .          Harm     .   (no cloak)
rCorr   .          Rampage  .   (no gloves)
Will    .....      NoTele   +   (no boots)
Stlth   ++++......              j - amulet of invisibility {+Inv}
HPRegen 0.27/turn               n - ring of flight
MPRegen 0.11/turn               (no ring)

@: on berserk cooldown, flying, slowed, very slow
A: horns 2, retaliatory headbutt
a: Renounce Religion, Evoke Invisibility, Berserk, Trog's Hand, Brothers in Arms


You were in the Dungeon.
You worshipped Trog.
Trog was extremely pleased with you.
You visited 1 branch You collected 189 gold pieces.

Inventory:

Hand Weapons
 a - a +3 scimitar (weapon)
Armour
 b - a +0 ring mail (worn)
Jewellery
 j - the amulet of invisibility (around neck) {+Inv}
   (You found it in the Dungeon)

   [amulet of nothing]

   +Inv:      It lets you turn invisible.
 n - a ring of flight (left hand)
Wands
 l - a wand of acid (11)
Potions
 c - a potion of curing
 e - a potion of haste
 f - 2 potions of magic
 g - a potion of berserk rage
 i - 3 potions of ambrosia {unknown}
 k - a potion of might {unknown}
Miscellaneous
 m - a phantom mirror


   Skills:
 + Level 15.0 Fighting
 + Level 15.9 Long Blades
 + Level 7.5 Armour
 + Level 8.4 Dodging
 + Level 10.7 Stealth
 + Level 9.1 Evocations


You had 9 spell levels left.
You didn't know any spells.
Your spell library was empty.

Dungeon Overview and Level Annotations

Branches:
Dungeon (1/1)

Altars:
Cheibriados
Dithmenos
Elyvilon
Gozag
Hepliaklqana
Kikubaaqudgha
Makhleb
Nemelex Xobeh
Okawaru
Qazlal
Ru
Sif Muna
Trog
Uskayaw
Vehumet
Wu Jian
Xom
Yredelemnul
Zin
The Shining One
Beogh
Jiyva
Lugonu

Shops:
D ?*(!


Innate Abilities, Weirdness & Mutations

You have a pair of horns on your head.
You reflexively headbutt those who attack you in melee.


Message History

Your cyclops closely misses the spriggan berserker.
You closely miss the spriggan berserker.
The spriggan berserker is lightly wounded.
The spriggan berserker misses you. You furiously retaliate!
You headbutt the spriggan berserker!
The spriggan berserker hits your cyclops with a +0 hand axe!!
You barely miss the spriggan berserker.
The spriggan berserker is moderately wounded.
The spriggan berserker hits you with a +0 hand axe!!
* * * LOW HITPOINT WARNING * * *
The spriggan berserker hits your cyclops with a +0 hand axe!
Your cyclops misses the spriggan berserker.
You hit the spriggan berserker.
The spriggan berserker is moderately wounded.
Unknown command.
The spriggan berserker hits your cyclops with a +0 hand axe!
Your cyclops barely misses the spriggan berserker.
You feel a strong urge to attack something.
You are no longer berserk.
You are exhausted.
You feel yourself slow down.
The spriggan berserker hits your cyclops with a +0 hand axe!!
Your cyclops hits the spriggan berserker!!!
There is an open door here.
You feel much better.
The spriggan berserker hits your cyclops with a +0 hand axe!
Your cyclops dies!
Your cyclops's corpse disappears in a puff of smoke!
The spriggan berserker hits you with a +0 hand axe!
* * * LOW HITPOINT WARNING * * *
Unknown command.
Blink to where?
Press: ? - help, Dir - move target
As you read the scroll of blinking, it crumbles to dust.
The spriggan berserker rages.
Okay, then.
Okay, then.
Your ogre goes berserk!
The spriggan berserker hits you with a +0 hand axe!!
You die...

################# ###
._._._.⌠.#..)...# #)#
_._._._..'.)#...# ##'#
._._._...#..###'## #..####
_._._._..#.)##∩∩.+ ##....#
._._._.⌠.############ ####...∩#
##############....[[###.....♣.#
♣..♣.###.'.['..i@..[†.)...♣..∩#
.♣..♣##:.#.)#.P.....###########
♣.♣).###.##'##.P.O..#
♣...♣'...#♣.♣########
##########... ♣..♣ .... ♣....
#####


You could see a spriggan berserker (berserk, ally target) and a friendly ogre
(summoned, berserk).

Vanquished Creatures
  Agnes (D)
  A spriggan druid (D)
  6 oklob plants (D)
  A demonic crawler (D)
  2 burning bushes (D)
  A wandering mushroom (D)
  A queen bee (D)
  A hornet (D)
  2 scorpions (D)
  4 killer bees (D)
  5 oklob saplings (D)
  5 spriggans (D)
  A river rat (D)
  A rat (D)
  A ballistomycete spore (D)
33 creatures vanquished.

Notes
Turn   | Place    | Note
-------+----------+-------------------------------------------
     0 | D        | mhtbhm the Minotaur Berserker began the quest for the Orb.
     0 | D        | Reached XP level 1. HP: 19/19 MP: 0/0
     8 | D        | Reached XP level 2. HP: 28/28 MP: 1/1
    64 | D        | Noticed an oklob sapling
    65 | D        | Killed an oklob sapling
    65 | D        | Reached ** piety under Trog
    66 | D        | Reached skill level 5 in Fighting
    66 | D        | Reached XP level 3. HP: 37/37 MP: 2/2
   110 | D        | Noticed a scorpion
   110 | D        | Found the amulet of invisibility {+Inv}
   113 | D        | Killed a scorpion
   114 | D        | Reached XP level 4. HP: 47/47 MP: 3/3
   167 | D        | Found an opulent altar of Gozag.
   167 | D        | Found a hazy altar of Hepliaklqana.
   167 | D        | Found a burning altar of Makhleb.
   167 | D        | Found a sparkling altar of Nemelex Xobeh.
   167 | D        | Found a snail-covered altar of Cheibriados.
   167 | D        | Found a sacrificial altar of Ru.
   167 | D        | Found a shimmering blue altar of Sif Muna.
   167 | D        | Found a shimmering altar of Xom.
   167 | D        | Found a basalt altar of Yredelemnul.
   168 | D        | Found a viscous altar of Jiyva.
   168 | D        | Found a bloodstained altar of Trog.
   168 | D        | Found an ornate altar of the Wu Jian Council.
   169 | D        | Found an iron altar of Okawaru.
   169 | D        | Found a shadowy altar of Dithmenos.
   169 | D        | Found a glowing silver altar of Zin.
   170 | D        | Found an ancient bone altar of Kikubaaqudgha.
   170 | D        | Found a hide-covered altar of Uskayaw.
   171 | D        | Found a stormy altar of Qazlal.
   171 | D        | Found a white marble altar of Elyvilon.
   171 | D        | Found a glowing golden altar of the Shining One.
   172 | D        | Found a corrupted altar of Lugonu.
   172 | D        | Found a radiant altar of Vehumet.
   182 | D        | Reached XP level 5. HP: 56/56 MP: 2/4
   366 | D        | Reached skill level 5 in Armour
   370 | D        | Reached *** piety under Trog
   371 | D        | Reached skill level 1 in Evocations
   375 | D        | Reached skill level 10 in Long Blades
   375 | D        | Reached XP level 6. HP: 56/66 MP: 5/5
   500 | D        | Found Jeulaog's General Store.
   500 | D        | Found Mobacufa's Magic Scroll Emporium.
   544 | D        | Reached skill level 10 in Fighting
   544 | D        | Reached skill level 5 in Dodging
   544 | D        | Reached skill level 1 in Stealth
   595 | D        | Noticed a queen bee
   603 | D        | Killed a queen bee
   605 | D        | Reached **** piety under Trog
   606 | D        | Reached XP level 7. HP: 74/74 MP: 4/6
   656 | D        | Noticed an oklob plant
   667 | D        | Killed an oklob plant
   668 | D        | Reached XP level 8. HP: 85/85 MP: 4/7
   766 | D        | Noticed a burning bush
   772 | D        | Killed a burning bush
   922 | D        | Noticed a burning bush
   922 | D        | Noticed an oklob plant
   923 | D        | Noticed a wandering mushroom
   935 | D        | Killed a burning bush
   935 | D        | Reached ***** piety under Trog
   936 | D        | Reached skill level 5 in Stealth
   936 | D        | Reached skill level 5 in Evocations
  1147 | D        | Killed a wandering mushroom
  1153 | D        | Killed an oklob plant
  1154 | D        | Reached XP level 9. HP: 93/93 MP: 6/8
  1157 | D        | Received a gift from Trog
  1300 | D        | Noticed a spriggan druid
  1308 | D        | Killed a spriggan druid
  1544 | D        | Noticed an oklob plant conjurer
  1546 | D        | Killed an oklob plant conjurer
  1690 | D        | Noticed an oklob plant
  1690 | D        | Noticed an oklob plant summoner
  1692 | D        | Noticed an oklob plant shifter
  1702 | D        | Killed an oklob plant
  1703 | D        | Reached skill level 15 in Long Blades
  1707 | D        | Killed an oklob plant summoner
  1712 | D        | Killed an oklob plant shifter
  1839 | D        | Noticed a demonic crawler
  1845 | D        | Killed a demonic crawler
  1846 | D        | Reached XP level 10. HP: 103/103 MP: 9/9
  1910 | D        | Noticed a spriggan rider
  1950 | D        | Reached skill level 10 in Stealth
  1952 | D        | Reached ****** piety under Trog
  1953 | D        | Found Noam's Weapon Emporium.
  1957 | D        | Found Riopp's Distillery.
  2031 | D        | Noticed Agnes
  2037 | D        | Noticed a spriggan berserker
  2041 | D        | Killed Agnes
  2042 | D        | Reached skill level 15 in Fighting
  2046 | D        | HP: 1/157 [spriggan berserker (28)]
  2052 | D        | Demolished by a spriggan berserker

Illustrated notes

Levels and vault maps discovered:
D:        dungeon_sprint_fedhas [sprint_temple]

Skill      XL: |  1  2  3  4  5  6  7  8  9 10 |
---------------+-------------------------------+-----
Fighting       | 4 5 7 8 9 11 12 13 14 15 | 15.0
Long Blades    | 4 6 7 8 10 11 12 14 15 | 15.9
Armour         | 3 4 5 6 7 |  7.5
Dodging        | 3 4 5 6 7 8 |  8.4
Evocations     | 1 3 4 6 8 9 |  9.1
Stealth        | 2 4 6 9 10 | 10.7

Action                   |  1- 3 |  4- 6 |  7- 9 | 10-12 || total
-------------------------+-------+-------+-------+-------++-------
Melee: Falchion          |     6 |    28 |    42 |       ||    76
       Headbutt          |     1 |     3 |    19 |     4 ||    27
       Scimitar          |       |       |    28 |    24 ||    52
Invok: Berserk           |     3 |     5 |     7 |     2 ||    17
       Brothers in Arms  |       |       |       |     2 ||     2
 Abil: Evoke Invisibilit |       |     3 |     4 |       ||     7
  Use: Scroll            |       |       |       |     1 ||     1
       Potion            |       |       |       |     1 ||     1
 Stab: Invisible         |       |     2 |     9 |       ||    11
       Sleeping          |       |     1 |     4 |       ||     5
       Distracted        |       |       |       |     1 ||     1
Armor: Ring mail         |       |       |     1 |       ||     1
Dodge: Dodged            |     2 |    13 |    14 |     8 ||    37

Table legend: (Time is in decaauts)
 A = Elapsed time spent in this place.
 B = Non-inter-level travel time spent in this place.
 C = Inter-level travel time spent in this place.
 D = Time resting spent in this place.
 E = Time spent auto-exploring this place.
 F = Levels seen in this place.
 G = Mean time per level.
                   A        B        C        D        E       F      G
               +--------+--------+--------+--------+--------+-----+--------+
         Total |   2159 |   2159 |      0 |   1687 |      3 |   1 | 2159.0 |
       Dungeon |   2159 |   2159 |      0 |   1687 |      3 |   1 | 2159.0 |
               +--------+--------+--------+--------+--------+-----+--------+

Top non-repeatable levels by time:
       D: 2159 daAuts
